 Dungeon Crawl Stone Soup version 0.30-a0-778-g2ef04af (webtiles) character file.

Game seed: 18137289527508764470

185 Illumine the Covered (level 5, 0/33 HPs)
             Began as a Gargoyle Fighter on Feb 14, 2023.
             Slain by a gnoll
             ... wielding a +0 spear
             ... led by a gnoll sergeant
              (5 damage)
             ... on level 5 of the Dungeon on Feb 15, 2023.
             The game lasted 00:03:19 (2040 turns).

Illumine the Covered (Gargoyle Fighter)             Turns: 2040, Time: 00:03:19

Health: 0/33       AC: 13    Str: 21    XL:     5   Next: 64%
Magic:  5/5        EV:  7    Int:  9    God:
Gold:   197        SH:  4    Dex:  9    Spells: 4/4 levels left

rFire   . . .      SeeInvis .    a - +0 flail
rCold   . . .      Faith    .    c - +0 buckler
rNeg    + . .      Spirit   .    f - +0 chain mail
rPois   ∞          Reflect  .    (no helmet)
rElec   +          Harm     .    (no cloak)
rCorr   +          Rampage  .    (no gloves)
Will    .....                    (no boots) Stlth
                                 (no amulet)
HPRegen 0.25/turn                h - ring of resist corrosion
MPRegen 0.09/turn                k - ring of flight

@: mighty, flying
A: sickness immunity, AC +4, negative energy resistance 1, electricity
resistance, torment resistance 1, petrification resistance
a: no special abilities


You were on level 5 of the Dungeon.
You visited 1 branch of the dungeon, and saw 5 of its levels.

You collected 197 gold pieces.

Inventory:

Hand Weapons
 a - a +0 flail (weapon)
 b - a +0 sling
Armour
 c - a +0 buckler (worn)
 f - a +0 chain mail (worn)
Jewellery
 h - a ring of resist corrosion (left hand)
 k - a ring of flight (right hand)
Wands
 q - a wand of iceblast (11)
Scrolls
 g - a scroll of summoning {unknown}
 i - a scroll of amnesia {unknown}
 l - 2 scrolls of immolation {unknown}
 n - 3 scrolls of identify {unknown}
 p - a scroll of teleportation {unknown}
 r - a scroll of enchant armour {unknown}
Potions
 e - a potion of degeneration {unknown}
 j - 2 potions of berserk rage {unknown}
 m - a potion of lignification {unknown}
 o - a potion of curing {unknown}
 s - a potion of brilliance {unknown}


   Skills:
 + Level 4.2 Fighting
 * Level 4.0 Maces & Flails
 + Level 4.2 Armour
 - Level 4.0 Shields


You had 4 spell levels left.
You didn't know any spells.
Your spell library was empty.

Dungeon Overview and Level Annotations

Branches:
Dungeon (5/15)
 Temple: D:4-7

Altars:
Ashenzari
Kikubaaqudgha
Uskayaw
Xom
Yredelemnul
The Shining One

Annotations:
D:3 2 transporters, Menkaure
D:4 Dowan, Duvessa
D:5 Prince Ribbit


Innate Abilities, Weirdness & Mutations

You are immune to sickness and miasma.
Your stone body is resilient. (AC +4)
You are immune to poison.
You resist negative energy. (rN+)
You are resistant to electric shocks. (rElec)
You are resistant to unholy torment.
You are immune to petrification.


Message History

A gnoll comes into view. It is wielding a +0 flail.
You see here a throwing net.
There is a stone staircase leading up here.
You see here a throwing net.
t - a throwing net The gnoll throws a throwing net.
The throwing net hits you.
You become entangled in the net!
You struggle against the net.
You struggle against the net.
The gnoll hits you with a +0 whip. The gnoll hits you but does no damage.
You shred the net and break free!
The gnoll sergeant hits you from afar with a +0 spear!
The gnoll hits you with a +0 whip.
The gnoll hits you from afar with a +0 spear.
The gnoll attacks as you move away! The gnoll hits you with a +0 whip.
You feel very mighty all of a sudden.
Prince Ribbit comes into view.
The gnoll barely misses you.
The gnoll sergeant hits you with a +0 spear.
You thump the gnoll sergeant!
The gnoll sergeant is moderately wounded.
The gnoll sergeant hits you with a +0 spear.
* * * LOW HITPOINT WARNING * * *
The gnoll closely misses you.
Okay, then.
Throw: throwing net
Press: ? - help, Q - select action, (/) - cycle Shift-Dir - straight line, f - gnoll sergeant
Aim: a gnoll sergeant, wielding a +0 spear and wearing a +0 scale mail (moderately wounded, 64% to hit)
You throw a throwing net.
The throwing net hits the gnoll sergeant.
The gnoll sergeant is caught in the net!
The gnoll sergeant is moderately wounded.
The gnoll sergeant struggles against the net.
The gnoll closely misses you.
You strike the helpless gnoll sergeant from behind!
You sock the gnoll sergeant!
The gnoll sergeant is severely wounded.
The gnoll sergeant struggles against the net.
The gnoll hits you from afar with a +0 spear.
You die...

... ## ... . # #.#
.# #.## #.# ..#
.....###.##..#
.............##.
#...<........
#.#.######g###.##.
#....(.@ggg.......
#############.....
###.


You could see a gnoll sergeant (caught) and 3 gnolls.

Vanquished Creatures
  A hound (D:4)
  A jelly (D:4)
  Ijyb (D:4)
  2 gnolls (D:2)
  2 adders
  4 dart slugs
  An orc (D:3)
  2 ball pythons
  5 bats
  5 endoplasms
  4 giant cockroaches
  5 goblins
  3 hobgoblins
  9 jackals
  A kobold (D:1)
  A quokka (D:3)
  A frilled lizard (D:3)
  A kobold zombie (D:4)
49 creatures vanquished.

Notes
Turn   | Place    | Note
-------+----------+-------------------------------------------
     0 | D:1      | Illumine the Gargoyle Fighter began the quest for the Orb.
     0 | D:1      | Reached XP level 1. HP: 14/14 MP: 1/1
   161 | D:1      | Reached XP level 2. HP: 19/19 MP: 2/2
   864 | D:2      | Reached XP level 3. HP: 19/23 MP: 3/3
  1189 | D:3      | Reached XP level 4. HP: 29/29 MP: 4/4
  1303 | D:3      | Found a basalt altar of Yredelemnul.
  1311 | D:3      | Found a transporter.
  1334 | D:3      | Found a hide-covered altar of Uskayaw.
  1387 | D:3      | Found a broken altar of Ashenzari.
  1447 | D:3      | Found a glowing golden altar of the Shining One.
  1474 | D:3      | Noticed Menkaure
  1481 | D:3      | Found an ancient bone altar of Kikubaaqudgha.
  1484 | D:3      | Found a transporter.
  1523 | D:3      | Found a shimmering altar of Xom.
  1765 | D:4      | Noticed Ijyb
  1786 | D:4      | Killed Ijyb
  1841 | D:4      | Reached XP level 5. HP: 30/33 MP: 5/5
  2015 | D:4      | Noticed an ogre
  2018 | D:4      | Noticed Dowan
  2020 | D:4      | Noticed Duvessa
  2023 | D:5      | Entered Level 5 of the Dungeon
  2035 | D:5      | Noticed Prince Ribbit
  2040 | D:5      | Slain by a gnoll

Illustrated notes

Levels and vault maps discovered:
D:1:      scummos_arrival_checkerplants, layout_loops_corners
D:2:      layout_loops_ring, ebering_ecumenical_altar_ruins, minmay_nonomino_d4
D:3:      layout_basic, gammafunk_temple_of_torment, lemuel_tele_altar,
          mainiacjoe_overflow_small_starburst,
          mainiacjoe_overflow_six_doors_small, tso_oasis_becter,
          minmay_crystal_room, kennysheep_boxes
D:4:      layout_basic, minmay_mini_ossuary, uniq_duvessa, uniq_grinder,
          uniq_ijyb
D:5:      layout_loops_ring, fedhas_altar_3, minmay_temple_entry_butterflies,
          uniq_prince_ribbit1

Skill      XL: |  1  2  3  4  5 |
---------------+----------------+-----
Maces & Flails | 3 4 |  4.0
Armour         | 4 |  4.2
Fighting       | 4 |  4.2
Shields        | 4 |  4.0

Action                     |  1- 3 |  4- 6 || total
---------------------------+-------+-------++-------
  Melee: Flail             |    94 |    96 ||   190
  Throw: Throwing net      |       |     1 ||     1
    Use: Potion            |       |     1 ||     1
   Stab: Held in net/web   |       |     1 ||     1
 Armour: Chain mail        |    68 |    75 ||   143
  Dodge: Dodged            |    44 |    41 ||    85
  Block: Buckler           |    30 |    22 ||    52

Table legend: (Time is in decaauts)
 A = Elapsed time spent in this place.
 B = Non-inter-level travel time spent in this place.
 C = Inter-level travel time spent in this place.
 D = Time resting spent in this place.
 E = Time spent auto-exploring this place.
 F = Levels seen in this place.
 G = Mean time per level.
                   A        B        C        D        E       F      G
               +--------+--------+--------+--------+--------+-----+--------+
         Total |   2093 |   2055 |     38 |    149 |   1339 |   5 |  418.6 |
       Dungeon |   2093 |   2055 |     38 |    149 |   1339 |   5 |  418.6 |
               +--------+--------+--------+--------+--------+-----+--------+

Top non-repeatable levels by time:
     D:1: 852 daAuts
     D:3: 594 daAuts
     D:2: 352 daAuts
     D:4: 276 daAuts
     D:5: 17 daAuts
